[Event "Belt and Road Women 2024"]
[Site "Yuecheng Shaoxing"]
[Date "2024.08.01"]
[Round "8.3"]
[White "Shuvalova, Polina"]
[Black "Xiao, Yiyi"]
[Result "1-0"]
[ECO "C41"]
[WhiteElo "2467"]
[BlackElo "2338"]
[Annotator "TA"]
[PlyCount "123"]
[EventDate "2024.08.01"]
[EventType "swiss"]
[EventCountry "CHN"]
[SourceTitle "playchess.com"]
[Source "ChessBase"]
[SourceQuality "1"]
[TimeControl "5400+30"]

1. e4 d6 2. d4 Nf6 3. Nc3 e5 4. Nf3 exd4 5. Nxd4 Be7 6. g3 O-O 7. Bg2 Re8 8. O-O Bf8 9. Bf4 {[%emt 0:02:55] White is slightly better.} Nbd7 10. Re1 Ne5 11. h3 c6 12. a4 a5 13. Kh2 h6 14. b3 Ng6 15. Be3 Qc7 16. Qd2 Bd7 17. f4 Rad8 18. Qf2 Rb8 19. Rad1 b6 20. Nde2 c5 21. Bf3 Bc6 22. Qg2 Qb7 23. Bc1 Rbc8 (23... Nxe4 $2 24. f5 $18) 24. Nd5 Bxd5 25. exd5 b5 26. axb5 Qxb5 27. Bb2 Qb4 28. h4 Nd7 29. h5 Nh8 (29... Ne7 $16) 30. Bg4 $1 $18 Rcd8 31. Nc3 (31. Qf3 $18) 31... Nf6 $2 {[%emt 0:03:22] [#]} ({Black should play} 31... Rxe1 $1 $14 32. Rxe1 Nf6) 32. Be2 $1 Ne4 33. Na2 (33. Nxe4 Qxe4 34. Bb5 Qxg2+ 35. Kxg2 Rxe1 36. Rxe1 Rb8) 33... Qb7 34. Bf3 f5 35. g4 Qe7 36. gxf5 {[%emt 0:02:59] Active counter play!} Qh4+ 37. Kg1 Ng5 38. Rxe8 Nh3+ 39. Kf1 Rxe8 {[%emt 0:00:02] [#]} 40. Nc3 $2 ({White must play} 40. f6 $1 $18 Nf7 41. fxg7) 40... Re3 41. Ne2 Nxf4 42. Qg4 {[%emt 0:01:03] Dancing on a razor blade.} Qxg4 43. Bxg4 {[%emt 0:00:03] A strong pair of Bishops.} Nxe2 44. Bxe2 Nf7 {[%emt 0:00:50] Black is on the road to losing.} (44... Be7 $1 $14) 45. Ra1 $16 Ng5 46. Rxa5 Ne4 47. Bd3 {[%emt 0:02:05] Strongly threatening Bc1.} Be7 48. Bc1 Ng3+ $2 (48... Rf3+ $16 {is a better chance.} 49. Kg2 Rg3+ 50. Kh2 Rg4) 49. Kf2 $18 Rxd3 50. cxd3 Nxh5 {[%emt 0:00:29][%mdl 4096] Endgame. KRB-KBN} 51. d4 Nf6 (51... cxd4 $142 52. b4 Nf6) 52. dxc5 dxc5 53. Be3 Kf7 54. Kf3 (54. Bxc5 Bxc5+ (54... Nxd5 $2 {is the wrong capture.} 55. Bxe7 Nxe7 56. Ke3 $18) 55. Kf3 (55. Rxc5 $2 Ne4+ 56. Kf3 Nxc5 $19) 55... Be7 $17) 54... Nd7 55. Bf4 h5 56. Ra7 Ke8 57. d6 Bf6 58. Ke4 h4 59. Kd5 {[%emt 0:00:05] Threatening mate with Kc6.} h3 60. Kc6 {[%emt 0:00:27] White mates.} Be5 61. Rxd7 Bxf4 62. Rxg7 {[%emt 0:00:11] Weighted Error Value: White=0.17 (very precise) /Black=0.39.  Loses game:     	---       	Black=2      Missed win:     	White=1     	---        Mistake:       	White=1     	Black=3      Inaccurate:     	White=2     	Black=5      OK:         	White=17    	Black=16     Best:        	White=3     	Black=3      Strong:       	White=1     	---} 1-0

[Event "Belt and Road Women 2024"]
[Site "Yuecheng Shaoxing"]
[Date "2024.08.01"]
[Round "8.4"]
[White "Garifullina, Leya"]
[Black "Stefanova, Antoaneta"]
[Result "1-0"]
[ECO "B12"]
[WhiteElo "2458"]
[BlackElo "2417"]
[Annotator "TA"]
[PlyCount "89"]
[EventDate "2024.08.01"]
[EventType "swiss"]
[EventCountry "CHN"]
[SourceTitle "playchess.com"]
[Source "ChessBase"]
[SourceQuality "1"]
[TimeControl "5400+30"]

1. e4 c6 2. d4 d5 3. e5 c5 4. dxc5 e6 5. a3 Bxc5 6. Nf3 f6 7. b4 Be7 8. Bb2 {[%emt 0:00:07] White has an edge.} a5 9. b5 Nd7 10. Nbd2 Nh6 11. Be2 Nf7 12. exf6 Bxf6 13. Bxf6 Qxf6 14. c4 Nc5 15. O-O a4 16. Rc1 d4 17. Qc2 (17. Bd3 $5) 17... e5 {[%emt 0:07:58] ...Bf5 is the strong threat.} 18. Ne4 Nxe4 19. Qxe4 Bf5 20. Qxb7 O-O {[%emt 0:00:03] Hoping for ...d3.} 21. Nd2 Ng5 (21... Rab8 $1 $14 22. Qf3 Ng5) 22. f4 (22. c5 $142) 22... exf4 $16 23. Bf3 $36 {[%emt 0:00:57][%mdl 2048] White is on the roll.} (23. Rxf4 $2 {too greedy.} Nh3+ 24. gxh3 Qg5+ 25. Rg4 Bxg4 (25... Qxd2 26. Qxg7#) 26. Bxg4 Qxd2 $19) 23... Rab8 24. Bd5+ (24. Qa7 $16) 24... Be6 $1 $14 25. Qc6 {[%emt 0:01:27] And now Ne4 would win.} Rbc8 26. Bxe6+ ({Don't go for} 26. Rxf4 $2 Nh3+ (26... Qxf4 $2 27. Bxe6+ Nxe6 28. Qxe6+ Kh8 29. Qe2 $19) 27. gxh3 Qg5+ (27... Qxf4 $2 {perishes.} 28. Bxe6+ Kh8 29. Bxc8 $18) 28. Kh1 Rxc6 (28... Qxf4 $2 29. Bxe6+ Kh8 30. Bxc8 $18) 29. Rxf8+ Kxf8 $19) (26. Qb6 $14) 26... Nxe6 $11 27. Qe4 {[%emt 0:01:46][%cal Oc4c5] Strongly threatening c5!} Rfd8 28. Rb1 g5 $2 ({Better is} 28... d3 $11) 29. Rfe1 $16 {[%emt 0:04:59] White is more active.} Nc5 {[%emt 0:00:41] [#]} 30. Qe5 Kf7 31. b6 {[%emt 0:02:27] Threatens to win with b7.} Nb7 $2 {[%emt 0:05:31] This costs Black the game.} (31... Qxe5 $16 32. Rxe5 Nb3 33. Nxb3 axb3) 32. Qe4 $18 Rc6 33. Qxh7+ Kf8 34. Qxb7 d3 35. Ne4 Qg6 {[%emt 0:01:32] [#]} 36. Nxg5 $1 {[%emt 0:01:23] White wants to mate with Qe7+.} Kg8 37. Qe7 Rb8 38. b7 d2 39. Red1 {[%emt 0:00:18] Rb5 would now be deadly.} Rxc4 40. Qe5 {[%emt 0:01:09] White mates.} Qxb1 41. Qxb8+ Kg7 42. Rxb1 Rc1+ 43. Kf2 Rxb1 44. Qc7+ Kg6 45. Qc2+ {[%emt 0:00:07] Weighted Error Value: White=0.11 (very precise) /Black=0.43.  Loses game:     	---       	Black=1      Mistake:       	White=3     	Black=2      Inaccurate:     	---       	Black=4      OK:         	White=13    	Black=7      Best:        	White=1     	Black=1      Strong:       	---       	Black=1} 1-0

[Event "Belt and Road Women 2024"]
[Site "Yuecheng Shaoxing"]
[Date "2024.08.01"]
[Round "8.5"]
[White "Lu, Miaoyi"]
[Black "Kurmangaliyeva, Liya"]
[Result "1/2-1/2"]
[ECO "B66"]
[WhiteElo "2449"]
[BlackElo "2282"]
[Annotator "RC"]
[PlyCount "251"]
[EventDate "2024.08.01"]
[EventType "swiss"]
[EventCountry "CHN"]
[SourceTitle "playchess.com"]
[Source "ChessBase"]
[SourceQuality "1"]
[TimeControl "5400+30"]

1. e4 c5 2. Nf3 Nc6 3. d4 cxd4 4. Nxd4 Nf6 5. Nc3 d6 6. Bg5 e6 7. Qd2 a6 8. Nxc6 bxc6 9. O-O-O Be7 10. Bxf6 gxf6 11. Bc4 Bb7 12. Qe3 Qa5 13. Rd2 O-O-O 14. Rhd1 Kb8 15. a3 h5 16. Kb1 Rhg8 17. g3 h4 18. Bb3 c5 19. gxh4 Rh8 20. Rg1 Qc7 21. Qg3 Rh7 22. Bc4 Rdh8 23. Qd3 Ka7 24. f4 f5 25. exf5 d5 26. Ba2 Qxf4 27. fxe6 fxe6 28. Re2 c4 29. Qg3 Rxh4 30. Rxe6 Bc5 31. Rd1 Qxg3 32. hxg3 Rh1 33. Ree1 Rxe1 34. Rxe1 Bf2 35. Rd1 d4 36. Ne2 d3 37. cxd3 Bf3 38. Bxc4 Bxe2 39. Rd2 Re8 40. d4 Bxc4 41. Rxf2 Bb3 42. Kc1 Re3 43. Rg2 Rd3 44. Rg1 Rxd4 45. g4 Bf7 46. Kc2 Kb6 47. g5 Bg6+ 48. Kc3 Kc5 49. Rg3 Rc4+ 50. Kb3 Re4 51. Kc3 Rc4+ 52. Kb3 Re4 53. Kc3 Kb5 54. b3 Kc5 55. Rf3 Rg4 56. Rf6 Rg3+ 57. Kd2 Bd3 58. g6 Bb5 59. a4 Bc6 60. b4+ Kd5 61. b5 axb5 62. axb5 Bxb5 63. Rf5+ Kc6 64. Rf6+ Kd7 65. Ke1 Rg1+ 66. Kd2 Bc4 67. Rb6 Bd5 68. Ra6 Ke7 69. Ke3 Be6 70. Ra7+ Kf6 71. g7 Ke5 72. Re7 Kd6 73. Ra7 Bd7 74. Ra6+ Ke7 75. Kd4 Rxg7 76. Rb6 Rg5 77. Ke4 Be6 78. Kf4 Rc5 79. Rb4 Kf6 80. Rd4 Rh5 81. Ke4 Rh1 82. Kf4 Rf1+ 83. Ke4 Bf5+ 84. Kd5 Ra1 85. Kd6 Ra5 86. Rd2 Ra6+ 87. Kd5 Re6 88. Rd4 Re5+ 89. Kd6 Be4 90. Rd2 Re6+ 91. Kc5 Ke5 92. Rh2 Rc6+ 93. Kb5 Rc8 94. Rh5+ Kd4 95. Rh4 Rb8+ 96. Ka4 Rb7 97. Rg4 Kd5 98. Ka3 Rb1 99. Rh4 Bd3 100. Rb4 Rc1 101. Kb2 Rc2+ 102. Kb3 Rc8 103. Rh4 Bc2+ 104. Kb4 Be4 105. Rh5+ Kd4 106. Rh4 Rb8+ 107. Ka4 Kd3 108. Ka5 Bd5 109. Rb4 Rh8 110. Kb6 Bc4 111. Kc5 Rc8+ 112. Kd6 Kd4 113. Rb1 Rd8+ 114. Ke7 Rd5 115. Rd1+ Bd3 116. Ke6 Ra5 117. Kd6 Ra6+ 118. Ke7 Ke4 119. Re1+ Kf5 120. Rd1 Be4 121. Rd6 Ra7+ 122. Rd7 Ra5 123. Rd6 Bd5 124. Rd7 Ke5 125. Rd6 Ra4 126. Rd7 1/2-1/2

[Event "Belt and Road Women 2024"]
[Site "Yuecheng Shaoxing"]
[Date "2024.08.01"]
[Round "8.6"]
[White "Guo, Qi"]
[Black "Velpula Sarayu"]
[Result "1/2-1/2"]
[ECO "E94"]
[WhiteElo "2362"]
[BlackElo "2384"]
[Annotator "RC"]
[PlyCount "127"]
[EventDate "2024.08.01"]
[EventType "swiss"]
[EventCountry "CHN"]
[SourceTitle "playchess.com"]
[Source "ChessBase"]
[SourceQuality "1"]
[TimeControl "5400+30"]

1. d4 Nf6 2. c4 g6 3. Nc3 Bg7 4. e4 d6 5. Nf3 O-O 6. Be2 e5 7. O-O Bg4 8. Be3 Bxf3 9. Bxf3 exd4 10. Bxd4 Nc6 11. Be3 Re8 12. Re1 Nd7 13. Qd2 Bxc3 14. Qxc3 Qf6 15. Bd2 Qd4 16. Re3 a5 17. Rd1 Qxc3 18. Bxc3 Nc5 19. b3 Re7 20. g3 Rae8 21. Rde1 Ne5 22. Bg2 a4 23. f4 Ng4 24. R3e2 axb3 25. axb3 Nxb3 26. h3 Nh6 27. g4 f5 28. g5 Nf7 29. Re3 Nc5 30. Bf6 Re6 31. e5 c6 32. Bd5 cxd5 33. cxd5 dxe5 34. dxe6 Rxe6 35. Bxe5 Nxe5 36. Rxe5 Kf7 37. Kh2 Rxe5 38. Rxe5 Nd3 39. Rb5 Nxf4 40. Rxb7+ Kg8 41. Kg3 Nh5+ 42. Kf3 Kh8 43. h4 Kg8 44. Ke3 Kh8 45. Kd4 Kg8 46. Ke5 Kh8 47. Ke6 Kg8 48. Ra7 Ng7+ 49. Ke7 Nh5 50. Ra6 Kg7 51. Rf6 Nf4 52. Ke8 Kg8 53. Rf7 Nh5 54. Ke7 Nf4 55. Rf6 Nh5 56. Ra6 Kg7 57. Ra7 Kg8 58. Ke6 Ng7+ 59. Kf6 Nh5+ 60. Ke5 Kh8 61. Ke6 Kg8 62. Ke5 Kh8 63. Ke6 Kg8 64. Ke5 1/2-1/2

[Event "Belt and Road Women 2024"]
[Site "Yuecheng Shaoxing"]
[Date "2024.08.01"]
[Round "8.7"]
[White "Zhang, Lanlin"]
[Black "Yan, Tianqi"]
[Result "0-1"]
[ECO "C47"]
[WhiteElo "2161"]
[BlackElo "2306"]
[Annotator "RC"]
[PlyCount "112"]
[EventDate "2024.08.01"]
[EventType "swiss"]
[EventCountry "CHN"]
[SourceTitle "playchess.com"]
[Source "ChessBase"]
[SourceQuality "1"]
[TimeControl "5400+30"]

1. e4 e5 2. Nf3 Nc6 3. d4 exd4 4. Nxd4 Nf6 5. Nc3 Bb4 6. Nxc6 bxc6 7. Bd3 O-O 8. O-O d5 9. exd5 cxd5 10. Qf3 c6 11. h3 Re8 12. Bf4 Bd6 13. Rfe1 Be6 14. Rad1 Bxf4 15. Qxf4 Rb8 16. b3 Qa5 17. Na4 c5 18. c4 Rb4 19. Re5 dxc4 20. Rxc5 cxb3 21. Rxa5 Rxf4 22. axb3 Bxb3 23. Ra1 Rxa4 24. R1xa4 Bxa4 25. Rxa4 Re7 26. g4 h6 27. Kg2 g5 28. Ra5 Kg7 29. Bf5 Rc7 30. Kh2 Ng8 31. Ra6 Ne7 32. Be4 Nc8 33. h4 gxh4 34. Kh3 Nb6 35. Kxh4 Rc4 36. Bd3 Ra4 37. Kh5 Rxa6 38. Bxa6 Nd7 39. f3 Nc5 40. Bc4 Ne6 41. Ba6 Nd4 42. f4 Ne6 43. f5 Nc5 44. Bc4 f6 45. Kh4 a5 46. Kg3 a4 47. Kf4 a3 48. Ke3 Na6 49. Kd4 Nb4 50. Kc3 a2 51. Kb2 Kf8 52. Bxa2 Nxa2 53. Kxa2 Ke7 54. Kb3 Kd6 55. Kc4 Ke5 56. Kd3 Kf4 0-1

[Event "Belt and Road Women 2024"]
[Site "Yuecheng Shaoxing"]
[Date "2024.08.01"]
[Round "8.8"]
[White "Beydullayeva, Govhar"]
[Black "Zhai, Mo"]
[Result "0-1"]
[ECO "E11"]
[WhiteElo "2417"]
[BlackElo "2348"]
[Annotator "RC"]
[PlyCount "112"]
[EventDate "2024.08.01"]
[EventType "swiss"]
[EventCountry "CHN"]
[SourceTitle "playchess.com"]
[Source "ChessBase"]
[SourceQuality "1"]
[TimeControl "5400+30"]

1. d4 Nf6 2. c4 e6 3. Nf3 Bb4+ 4. Nbd2 b6 5. a3 Bxd2+ 6. Qxd2 Bb7 7. g3 d5 8. cxd5 Qxd5 9. Bg2 Nc6 10. O-O O-O-O 11. e3 Na5 12. Ne1 Qb5 13. Qc3 Bxg2 14. Nxg2 e5 15. b4 exd4 16. exd4 Qc4 17. Qf3 Nb3 18. Ne3 Qe6 19. Rb1 Nxd4 20. Qa8+ Kd7 21. Qg2 Qe4 22. Qxe4 Nxe4 23. Bb2 Kc8 24. Bxd4 Rxd4 25. Nf5 Rd3 26. Rfc1 g6 27. Ne3 Re8 28. Rb2 Re7 29. Re2 Nd6 30. Rec2 Ne4 31. Nc4 Ng5 32. Kg2 f5 33. f4 Nf7 34. a4 Kb7 35. b5 a6 36. Rb2 axb5 37. axb5 h6 38. Ra1 Rc3 39. Rba2 Kc8 40. Ra8+ Kd7 41. Rd1+ Ke6 42. Rg8 Kf6 43. Ne5 Nxe5 44. fxe5+ Rxe5 45. Rf8+ Kg5 46. h4+ Kh5 47. Kh3 Ree3 48. Rg1 Re4 49. Kh2 Kg4 50. Rf6 Kh5 51. Rf7 Re2+ 52. Kh3 Rcc2 53. Rh1 Rf2 54. Rh7 Rc3 55. Rd1 Rff3 56. Rg1 f4 0-1

[Event "Belt and Road Women 2024"]
[Site "Yuecheng Shaoxing"]
[Date "2024.08.01"]
[Round "8.9"]
[White "Chen, Yining"]
[Black "Pham, Le Thao Nguyen"]
[Result "0-1"]
[ECO "E11"]
[WhiteElo "2300"]
[BlackElo "2395"]
[Annotator "RC"]
[PlyCount "146"]
[EventDate "2024.08.01"]
[EventType "swiss"]
[EventCountry "CHN"]
[SourceTitle "playchess.com"]
[Source "ChessBase"]
[SourceQuality "1"]
[TimeControl "5400+30"]

1. d4 Nf6 2. c4 e6 3. Nf3 Bb4+ 4. Bd2 Qe7 5. e3 b6 6. Bd3 Bb7 7. a3 Bxd2+ 8. Nbxd2 d6 9. Qc2 Nbd7 10. O-O O-O 11. Ng5 h6 12. Nh7 Rfe8 13. Nxf6+ Nxf6 14. f3 c5 15. Rfe1 Rac8 16. b4 Rc7 17. Rac1 e5 18. bxc5 bxc5 19. d5 g6 20. Rb1 h5 21. Rb3 h4 22. Reb1 Kg7 23. Qb2 Bc8 24. Bf1 Nh5 25. Kf2 g5 26. Rb8 Rh8 27. Bd3 Rh6 28. Qc2 g4 29. Bf5 g3+ 30. hxg3 Bxf5 31. Qxf5 Nxg3 32. Qh3 Rg6 33. Nf1 Qg5 34. Nxg3 hxg3+ 35. Ke2 Rh6 36. Qg4 Qxg4 37. fxg4 e4 38. Re8 Rf6 39. Rxe4 Rf2+ 40. Kd3 Rxg2 41. Rf4 Ra2 42. Rg1 g2 43. Rf3 Rb7 44. Rg3 Rbb2 45. Ke4 a5 46. Kf4 Rf2+ 47. Rf3 Rfc2 48. Kg3 Rxc4 49. g5 Rcc2 50. Rf6 Rxa3 51. Rxd6 Rxe3+ 52. Kh2 Ree2 53. Ra6 Re5 54. d6 Rxg5 55. Rxa5 Rd2 56. Ra6 f6 57. Ra7+ Kg6 58. d7 f5 59. Ra6+ Kh5 60. Ra7 f4 61. Ra8 Rxd7 62. Rf8 Rd4 63. Rxg2 Rxg2+ 64. Kxg2 Kg4 65. Rg8+ Kf5 66. Kf3 Rd3+ 67. Ke2 Re3+ 68. Kf2 Rc3 69. Rf8+ Ke4 70. Re8+ Kd4 71. Rf8 f3 72. Rf4+ Kd5 73. Rh4 Rd3 0-1

[Event "Belt and Road Women 2024"]
[Site "Yuecheng Shaoxing"]
[Date "2024.08.01"]
[Round "8.10"]
[White "Ni, Shiqun"]
[Black "Ha, Yihan"]
[Result "1-0"]
[ECO "B12"]
[WhiteElo "2352"]
[BlackElo "2166"]
[Annotator "RC"]
[PlyCount "79"]
[EventDate "2024.08.01"]
[EventType "swiss"]
[EventCountry "CHN"]
[SourceTitle "playchess.com"]
[Source "ChessBase"]
[SourceQuality "1"]
[TimeControl "5400+30"]

1. e4 c6 2. d4 d5 3. e5 c5 4. Nf3 cxd4 5. Qxd4 Nc6 6. Qf4 e6 7. Nc3 a6 8. Bd3 Nb4 9. O-O Nxd3 10. cxd3 h6 11. h4 Ne7 12. Ne2 Nf5 13. Ng3 Be7 14. h5 O-O 15. Nxf5 exf5 16. Nd4 Bg5 17. Qf3 Re8 18. Re1 Bxc1 19. Raxc1 Qb6 20. Nxf5 Bxf5 21. Qxf5 Qxb2 22. Rc7 Rf8 23. Rec1 Rae8 24. f4 b5 25. R1c2 Qa1+ 26. Kh2 Qe1 27. Qg4 a5 28. d4 Qe4 29. R2c3 g5 30. hxg6 fxg6 31. Rf3 Qf5 32. Qxf5 Rxf5 33. g4 Rff8 34. f5 Rc8 35. Rd7 h5 36. f6 Rc2+ 37. Kg3 Rxa2 38. gxh5 gxh5 39. Rg7+ Kh8 40. Rf5 1-0

[Event "Belt and Road Women 2024"]
[Site "Yuecheng Shaoxing"]
[Date "2024.08.01"]
[Round "8.11"]
[White "Zhang, Xiao"]
[Black "Yang, Yijing"]
[Result "1-0"]
[ECO "B14"]
[WhiteElo "2193"]
[BlackElo "2022"]
[Annotator "RC"]
[PlyCount "75"]
[EventDate "2024.08.01"]
[EventType "swiss"]
[EventCountry "CHN"]
[SourceTitle "playchess.com"]
[Source "ChessBase"]
[SourceQuality "1"]
[TimeControl "5400+30"]

1. d4 Nf6 2. c4 e6 3. Nc3 Bb4 4. e3 O-O 5. Bd3 d5 6. Nf3 c5 7. cxd5 cxd4 8. exd4 exd5 9. O-O Bg4 10. Bg5 Be7 11. h3 Bh5 12. g4 Bg6 13. Bxg6 fxg6 14. Qb3 Nc6 15. Qxb7 Rc8 16. Rfe1 h6 17. Bh4 Kh7 18. Rad1 Rc7 19. Qb5 Ne4 20. Bxe7 Nxe7 21. Qd3 Nxc3 22. bxc3 Qc8 23. Re3 Rf6 24. Rde1 Qf8 25. Kg2 Rf4 26. Re6 Qc8 27. Qd2 Re4 28. R6xe4 dxe4 29. Rxe4 Nd5 30. Re5 Nxc3 31. d5 Qd7 32. Qd3 Rc5 33. Re6 Kh8 34. Qxg6 Rc8 35. Qf5 Rd8 36. d6 Nxa2 37. Qe5 Kh7 38. Re7 1-0

[Event "Belt and Road Women 2024"]
[Site "Yuecheng Shaoxing"]
[Date "2024.08.01"]
[Round "8.12"]
[White "Gu, Xiaobing"]
[Black "Wang, Qinxuanyi"]
[Result "0-1"]
[ECO "B30"]
[WhiteElo "2135"]
[BlackElo "2149"]
[Annotator "RC"]
[PlyCount "112"]
[EventDate "2024.08.01"]
[EventType "swiss"]
[EventCountry "CHN"]
[SourceTitle "playchess.com"]
[Source "ChessBase"]
[SourceQuality "1"]
[TimeControl "5400+30"]

1. e4 c5 2. Nf3 Nc6 3. Bb5 e6 4. Bxc6 bxc6 5. d3 Qc7 6. O-O Ne7 7. Qe2 Ng6 8. h4 Be7 9. g3 e5 10. h5 Nf8 11. c3 Ne6 12. Na3 d6 13. Nc2 O-O 14. Ne3 Ng5 15. Nxg5 Bxg5 16. f4 exf4 17. gxf4 Bh6 18. f5 d5 19. Qg2 Kh8 20. exd5 Bd7 21. Rf3 cxd5 22. Nxd5 Qd6 23. c4 Bxc1 24. Rxc1 Qh6 25. Rcf1 f6 26. Ne7 Rae8 27. Re1 Bc6 28. Re2 Bxf3 29. Qxf3 Rd8 30. Qe3 Qg5+ 31. Qxg5 fxg5 32. Re3 Rd6 33. Kg2 Ra6 34. a3 Rb6 35. b4 cxb4 36. c5 Rb5 37. axb4 a5 38. bxa5 Rxc5 39. d4 Rxa5 40. d5 Ra4 41. Rd3 Ra7 42. Re3 Ra4 43. Rd3 Rd8 44. Rb3 Raa8 45. Kf3 Rd7 46. Re3 h6 47. Re6 Kh7 48. Ke4 g4 49. Kf4 Ra4+ 50. Kg3 Rb7 51. Re3 Rd4 52. Ng6 Rb8 53. Nf4 Rc8 54. Ra3 Kg8 55. Ng6 Kf7 56. Ra7+ Kf6 0-1

[Event "Belt and Road Women 2024"]
[Site "Yuecheng Shaoxing"]
[Date "2024.08.01"]
[Round "8.14"]
[White "Bai, Xue"]
[Black "Li, Xueyi"]
[Result "0-1"]
[ECO "B12"]
[WhiteElo "2114"]
[BlackElo "2209"]
[Annotator "RC"]
[PlyCount "96"]
[EventDate "2024.08.01"]
[EventType "swiss"]
[EventCountry "CHN"]
[SourceTitle "playchess.com"]
[Source "ChessBase"]
[SourceQuality "1"]
[TimeControl "5400+30"]

1. e4 c6 2. d4 d5 3. e5 Bf5 4. Nd2 e6 5. Nb3 Nd7 6. Nf3 Ne7 7. Be2 h6 8. Be3 Bh7 9. O-O Nf5 10. c4 dxc4 11. Bxc4 Be7 12. Qe2 O-O 13. Bd2 Bg6 14. h3 Nb6 15. Bd3 c5 16. Rfd1 Nxd4 17. Nbxd4 Bxd3 18. Qxd3 cxd4 19. Qe4 Nd5 20. Qg4 Kh8 21. Qh5 Kh7 22. Bc1 f5 23. Nxd4 Qd7 24. Rd3 Bc5 25. Nf3 Qe8 26. Ng5+ Kg8 27. Qxe8 Rfxe8 28. Nf3 Nb4 29. Rc3 Bb6 30. Rb3 Nc6 31. Be3 Bxe3 32. Rxe3 Rad8 33. Rc1 Rd5 34. Rc4 Red8 35. g4 fxg4 36. Rxg4 Ne7 37. Ra3 a6 38. Rb3 b5 39. a4 Rf8 40. axb5 axb5 41. Re4 Ng6 42. Nd4 Nxe5 43. Rxb5 Nf3+ 44. Nxf3 Rxb5 45. Kg2 Rb3 46. Nd4 Rxb2 47. Nxe6 Rfxf2+ 48. Kg3 Rfe2 0-1

[Event "Belt and Road Women 2024"]
[Site "Yuecheng Shaoxing"]
[Date "2024.08.01"]
[Round "8.15"]
[White "Wang, Chuqiao"]
[Black "Soumya, Swaminathan"]
[Result "1/2-1/2"]
[ECO "E60"]
[WhiteElo "2278"]
[BlackElo "2258"]
[Annotator "RC"]
[PlyCount "204"]
[EventDate "2024.08.01"]
[EventType "swiss"]
[EventCountry "CHN"]
[SourceTitle "playchess.com"]
[Source "ChessBase"]
[SourceQuality "1"]
[TimeControl "5400+30"]

1. d4 Nf6 2. c4 g6 3. g3 Bg7 4. Bg2 O-O 5. Nf3 d6 6. O-O c5 7. Nc3 Nc6 8. e3 cxd4 9. Nxd4 Bd7 10. b3 Rb8 11. Bb2 a6 12. Rc1 Ne8 13. Re1 Rc8 14. Qd2 Nc7 15. Red1 Ne6 16. Nxc6 bxc6 17. Na4 Bxb2 18. Qxb2 c5 19. Nc3 Rb8 20. h4 Ng7 21. Nd5 h5 22. Rd3 Re8 23. Rcd1 Qc8 24. e4 Bg4 25. R1d2 f6 26. f4 Be6 27. e5 fxe5 28. fxe5 Bxd5 29. Bxd5+ Kh7 30. Bf7 Rf8 31. Rf2 Nf5 32. e6 Rxf7 33. exf7 Qe6 34. Qe2 Qxe2 35. Rxe2 Kg7 36. a3 a5 37. Kg2 Kxf7 38. Rb2 Kf6 39. Kf3 Ke6 40. Ke4 Rb6 41. Kf4 Kf6 42. Kf3 Rb8 43. Kf2 Rb6 44. b4 axb4 45. axb4 cxb4 46. Rdb3 Rc6 47. Rxb4 Rc5 48. Rd2 e6 49. Kf3 Rc7 50. Ra2 Rc8 51. Kf2 Nd4 52. Ra3 Ke5 53. Re3+ Kf6 54. Rc3 Rc6 55. c5 Nf5 56. Rb6 Rxc5 57. Rxc5 dxc5 58. Rc6 g5 59. hxg5+ Kxg5 60. Rxe6 h4 61. gxh4+ Nxh4 62. Re5+ Kf4 63. Rxc5 Nf5 64. Ke2 Ke4 65. Rc4+ Nd4+ 66. Kd2 Ke5 67. Kd3 Ne6 68. Rh4 Nf4+ 69. Kc4 Ke4 70. Rh8 Ke5 71. Ra8 Ne6 72. Ra1 Kd6 73. Ra5 Nf4 74. Rf5 Ne6 75. Kd3 Kc6 76. Ke4 Nc5+ 77. Ke5 Nd7+ 78. Kd4 Kd6 79. Rf1 Ke6 80. Ra1 Kf5 81. Ra5+ Ke6 82. Rh5 Nf6 83. Re5+ Kd6 84. Re1 Nd7 85. Ke4 Nc5+ 86. Kf5 Kd5 87. Rd1+ Kc4 88. Kf4 Kc3 89. Ke5 Nd3+ 90. Kd5 Kc2 91. Rh1 Kc3 92. Rh3 Kd2 93. Kd4 Nf2 94. Re3 Ng4 95. Ra3 Ke2 96. Rg3 Nf2 97. Rg8 Kf3 98. Rf8+ Kg3 99. Rf7 Ng4 100. Rf5 Nf2 101. Ke3 Ng4+ 102. Ke2 Nh6 1/2-1/2

[Event "Belt and Road Women 2024"]
[Site "Yuecheng Shaoxing"]
[Date "2024.08.01"]
[Round "8.16"]
[White "Velikic, Adela"]
[Black "Hu, Jiani"]
[Result "1-0"]
[ECO "B42"]
[WhiteElo "2290"]
[BlackElo "2148"]
[Annotator "RC"]
[PlyCount "84"]
[EventDate "2024.08.01"]
[EventType "swiss"]
[EventCountry "CHN"]
[SourceTitle "playchess.com"]
[Source "ChessBase"]
[SourceQuality "1"]
[TimeControl "5400+30"]

1. e4 c5 2. Nf3 e6 3. d4 cxd4 4. Nxd4 a6 5. Bd3 Qc7 6. O-O Nf6 7. Qe2 d6 8. c4 Be7 9. Nc3 O-O 10. f4 e5 11. Nf5 Bxf5 12. exf5 Nc6 13. g4 Nd4 14. Qg2 Qc6 15. g5 Qxg2+ 16. Kxg2 Nd7 17. Nd5 Bd8 18. Be3 Nb6 19. Nc3 Nc6 20. b3 Re8 21. Rad1 Bc7 22. Be4 Rad8 23. f6 Nd7 24. fxg7 Kxg7 25. f5 f6 26. Nd5 Bb8 27. h4 Rc8 28. Nxf6 Nxf6 29. gxf6+ Kh8 30. Bh6 Rg8+ 31. Bg7+ Rxg7+ 32. fxg7+ Kxg7 33. f6+ Kf7 34. Bd5+ Kf8 35. Kh3 Ba7 36. Rg1 Bxg1 37. Rxg1 Ne7 38. fxe7+ Kxe7 39. Rg7+ Kf6 40. Rxh7 b5 41. Rd7 Kg6 42. Be4+ Kf6 1-0